 Dungeon Crawl Stone Soup version 0.28.0 (webtiles) character file.

Game seed: 2351523884828736600

814 SnakkuSnakku7 the Magician (level 8, 0/54 HPs)
             Began as a Djinni Gladiator on Feb 10, 2022.
             Slain by a water moccasin (6 damage)
             ... on level 5 of the Dungeon.
             The game lasted 00:07:40 (6396 turns).

SnakkuSnakku7 the Magician (Djinni Gladiator)       Turns: 6396, Time: 00:07:40

Health: 0/54       AC:  4    Str: 13    XL:     8   Next: 15%
Gold:   103        EV: 10    Int: 12    God:
                   SH:  7    Dex: 15

rFire   + + .      SeeInvis .   t - +1 whip (elec)
rCold   x . .      Faith    .   u - +0 kite shield
rNeg    . . .      Spirit   .   b - +0 leather armour
rPois   ∞          Reflect  .   c - +0 helmet
rElec   .          Harm     .   (no cloak)
rCorr   .          Rampage  .   (no gloves)
Will    .....                   (boots unavailable)
Stlth   +.........              (no amulet)
HPRegen 0.18/turn               (no ring)
MPRegen 0.00/turn               (no ring)

@: flying
A: sickness immunity, fire resistance 2, cold vulnerability 1, float, innate
caster, HP casting, extra vitality 1
a: no special abilities


You were on level 5 of the Dungeon.
You visited 1 branch of the dungeon, and saw 5 of its levels.

You collected 103 gold pieces.

Inventory:

Hand Weapons
 a - a +0 quarterstaff
 t - a +1 whip of electrocution (weapon)
Missiles
 s - 6 poisoned darts (quivered)
Armour
 b - a +0 leather armour (worn)
 c - a +0 helmet (worn)
 u - a +0 kite shield (worn)
Magical Staves
 v - a staff of air
Jewellery
 n - a ring of wizardry
 q - a ring of protection from cold
Scrolls
 e - a scroll of torment {unknown}
 g - a scroll of enchant weapon {unknown}
 h - 3 scrolls of identify {unknown}
 i - a scroll of vulnerability {unknown}
 k - a scroll of teleportation {unknown}
 o - a scroll of immolation {unknown}
 p - a scroll of fog {unknown}
 w - a scroll of enchant armour {unknown}
Potions
 d - a potion of berserk rage {unknown}
 f - a potion of ambrosia
 j - a potion of attraction {unknown}
 l - a potion of heal wounds {unknown}
 m - a potion of degeneration {unknown}
 r - a potion of flight {unknown}


   Skills:
 - Level 2.0 Fighting
 - Level 2.6 Staves
 - Level 1.5 Throwing
 - Level 3.2 Dodging
 + Level 6.5 Spellcasting


You had 14 spell levels left.
You knew the following spells:

 Your Spells              Type           Power      Damage    Failure   Level
a - Beastly Appendage     Tmut           38%        N/A       5%          1
b - Corpse Rot            Necr/Air       38%        N/A       9%          2
c - Teleport Other        Tloc           19%        N/A       17%         3
Your spell library was empty.

Dungeon Overview and Level Annotations

Branches:
Dungeon (5/15)
 Temple: D:4-7

Altars:


Innate Abilities, Weirdness & Mutations

You are immune to sickness and miasma.
You are immune to poison.
Your flesh is very heat resistant. (rF++)
You are vulnerable to cold. (rC-)
You float through the air rather than walking.
You learn spells naturally, not from books.
Your magical power is your life essence.
You have superior vitality. (+4 MHP)


Message History

The water moccasin is heavily wounded.
You block the water moccasin's attack. The water moccasin bites you.
* * * LOW HITPOINT WARNING * * *
You whack the water moccasin!
The water moccasin is severely wounded.
The water moccasin bites you but does no damage.
You miss the water moccasin.
The water moccasin is severely wounded.
The water moccasin bites you.
* * * LOW HITPOINT WARNING * * *
You block the water moccasin's attack.
You miss the water moccasin.
The water moccasin is severely wounded.
The water moccasin bites you.
* * * LOW HITPOINT WARNING * * *
The water moccasin bites you but does no damage.
You barely miss the water moccasin.
The water moccasin is severely wounded.
The water moccasin closely misses you.
It was a potion of ambrosia.
You are confused.
You feel invigorated. The water moccasin barely misses you.
The water moccasin bites you.
* * * LOW HITPOINT WARNING * * *
The water moccasin bites you!
* * * LOW HITPOINT WARNING * * *
The water moccasin barely misses you. x2
The water moccasin bites you.
* * * LOW HITPOINT WARNING * * *
The water moccasin bites you.
* * * LOW HITPOINT WARNING * * *
You feel less invigorated.
You feel less confused. The water moccasin bites you.
* * * LOW HITPOINT WARNING * * *
You block the water moccasin's attack.
You miss the water moccasin.
The water moccasin is severely wounded.
The water moccasin closely misses you. The water moccasin bites you.
You die...

≈≈≈≈≈≈≈≈≈≈≈≈≈≈≈≈≈≈≈≈≈≈≈≈≈≈≈≈≈≈≈≈≈
≈≈≈≈≈≈≈≈≈≈≈≈≈≈≈≈≈≈≈≈≈≈≈≈≈≈≈≈≈≈≈≈≈
#################################
o. #....# ... #....#
....#########....########
#..........#......#......
#..........S......'...l..
#..........#@.....#......
....#########....## ##### ..
#..).# #....#
##################')#############
≈≈≈≈≈≈≈≈≈≈≈≈≈≈≈≈≈..)..†≈≈≈≈≈≈≈≈≈≈
≈≈≈≈≈≈≈≈≈≈≈≈≈≈≈≈.....≈≈≈≈≈≈≈≈≈≈≈≈
≈≈≈≈≈≈≈(÷≈≈≈≈≈≈≈.....≈≈≈≈≈≈≈≈≈≈≈≈
.≈..≈≈≈.≈≈≈≈≈.≈≈≈....≈≈.≈≈.≈≈...≈


You could see a water moccasin.

Vanquished Creatures
  An ogre (D:5)
  2 scorpions
  A bullfrog (D:5)
  2 bullfrog zombies (D:5)
  A bullfrog skeleton (D:5)
  3 hounds
  4 iguanas
  8 gnolls
  7 adders
  An ufetubus (D:4)
  An adder skeleton (D:5)
  2 worms
  A dart slug (D:4)
  4 orcs (D:4)
  8 bats
  11 endoplasms
  3 giant cockroaches
  2 goblins (D:1)
  6 hobgoblins
  10 jackals
  12 kobolds
  7 quokkas
  4 ball pythons
  3 frilled lizards
  11 rats
115 creatures vanquished.

Notes
Turn   | Place    | Note
-------+----------+-------------------------------------------
     0 | D:1      | SnakkuSnakku7 the Djinni Gladiator began the quest for the
                  | Orb.
     0 | D:1      | Reached XP level 1. HP: 18/18 MP: 0/0
     1 | D:1      | Found a runed translucent door.
    83 | D:1      | Reached skill level 1 in Spellcasting
    83 | D:1      | Reached XP level 2. HP: 23/23 MP: 0/0
   245 | D:1      | Reached XP level 3. HP: 22/28 MP: 0/0
   245 | D:1      | Learned a level 1 spell: Beastly Appendage
   274 | D:1      | Found a faded altar of an unknown god.
   624 | D:1      | Reached skill level 2 in Spellcasting
  1204 | D:2      | Reached XP level 4. HP: 10/33 MP: 0/0
  1797 | D:2      | Reached skill level 3 in Spellcasting
  1926 | D:2      | Reached XP level 5. HP: 37/38 MP: 0/0
  1926 | D:2      | Learned a level 2 spell: Corpse Rot
  3084 | D:3      | HP: 1/38 [gnoll (6)]
  3592 | D:3      | Reached skill level 4 in Spellcasting
  3592 | D:3      | Reached XP level 6. HP: 37/43 MP: 0/0
  4775 | D:5      | Entered Level 5 of the Dungeon
  4775 | D:5      | Noticed an ogre
  4821 | D:5      | Reached skill level 5 in Spellcasting
  4821 | D:5      | Reached XP level 7. HP: 47/49 MP: 0/0
  4821 | D:5      | Learned a level 3 spell: Teleport Other
  5983 | D:5      | Reached skill level 6 in Spellcasting
  6173 | D:5      | Reached XP level 8. HP: 54/54 MP: 0/0
  6396 | D:5      | Slain by a water moccasin

Illustrated notes

Levels and vault maps discovered:
D:1:      dpeg_arrival_caged_fury, layout_rooms,
          hellmonk_ecumenical_altar_pennies_from_heaven, minmay_misc_feat_tiny
D:2:      layout_basic
D:3:      layout_loops_ring
D:4:      layout_loops_ring
D:5:      minmay_goblin_kobold_castle, layout_rooms, uniq_crazy_yiuf_cottage

Skill      XL: |  1  2  3  4  5  6  7 |
---------------+----------------------+-----
Spellcasting   | 1 2 3 4 5 6 |  6.5
Fighting       | |  2.0
Staves         | |  2.6
Throwing       | |  1.5
Dodging        | |  3.2

Action                   |  1- 3 |  4- 6 |  7- 9 || total
-------------------------+-------+-------+-------++-------
Melee: Quarterstaff      |    90 |   197 |       ||   287
       Headbutt          |     4 |       |       ||     4
       Whip              |       |    54 |   133 ||   187
Throw: Throwing net      |       |     5 |     1 ||     6
       Dart              |       |       |     5 ||     5
 Cast: Beastly Appendage |     3 |       |       ||     3
       Corpse Rot        |       |     1 |       ||     1
  Use: Potion            |       |       |     1 ||     1
 Stab: Held in net/web   |       |     2 |     1 ||     3
Armor: Leather armour    |    29 |    76 |    38 ||   143
Dodge: Dodged            |    75 |   180 |    81 ||   336
Block: Kite shield       |       |    17 |    56 ||    73
